AoeStats
← kaifanestro

Arena

509993655Analyzed
4v4 RM · 3d ago on Sep 29, 2026· 31m 28s· 8 players
Game mode
Random Map
Map size
Large (8 player)
Population
200
Speed
Normal
Resources
Standard
Victory
Conquest
Starting age
Dark Age
Ending age
Imperial Age
RankedLock teamsTeams togetherTeam positionsShared explorationLock speedFull tech treeHidden civsTurbo modeCheats
Victory
Defeat
🇺🇸 Goths · United States
836
+9
🇹🇷 Chinese · Türkiye
798
+10
🇨🇦 Khmer · Canada
795
+10
🇳🇿 Wu · New Zealand
561
+19
🇨🇱 Persians · Chile
750
-16
🇦🇷 Mongols · Argentina
678
-13
🇦🇷 Khmer · Argentina
633
-11
🇵🇪 Franks · Peru
543
-8
pochita156
0:44 Loom
11:40 Feudal Age
12:59 Wheelbarrow
15:49 Castle Age
14:07 Double-Bit Axe
14:58 Stone Mining
15:05 Gold Mining
17:02 Horse Collar
kaifanestro
22:04 Feudal Age
20:20 Loom
23:03 Double-Bit Axe
24:37 Wheelbarrow
29:02 Gold Mining
32:38 Castle Age
31:48 Stone Mining
panchocilveira
0:52 Loom
11:41 Feudal Age
13:11 Wheelbarrow
14:25 Town Watch
17:27 Horse Collar
Memobunke
0:32 Loom
11:14 Feudal Age
11:47 Double-Bit Axe
11:45 Horse Collar
18:36 Castle Age
17:17 Forging
17:43 Gold Mining
17:46 Stone Mining
19:17 Bow Saw
20:06 Heavy Plow
26:58 Iron Casting
Laxbrody4
2:18 Loom
10:16 Feudal Age
10:44 Double-Bit Axe
10:53 Stone Mining
12:07 Horse Collar
19:25 Castle Age
17:57 Scale Mail Armor
20:02 Forging
20:58 Bow Saw
21:28 Heavy Plow
23:58 Wheelbarrow
23:49 Squires
24:40 Anarchy
28:30 Chain Mail Armor
28:50 Iron Casting
29:45 Wheelbarrow
34:26 Imperial Age
dean
9:48 Feudal Age
13:04 Castle Age
19:48 Loom
21:25 Double-Bit Axe
23:50 Gold Mining
24:12 Bow Saw
25:43 Wheelbarrow
Carexes
2:39 Loom
3:38 Loom
11:10 Feudal Age
16:51 Castle Age
20:46 Horse Collar
20:56 Double-Bit Axe
22:32 Crossbowman
23:55 Pikeman
24:36 Squires
24:42 Squires
27:16 Thumb Ring
28:43 Fletching
29:26 Ballistics
30:14 Heavy Plow
30:11 Bodkin Arrow
30:17 Padded Archer Armor
Lag
10:58 Feudal Age
11:56 Double-Bit Axe
17:19 Castle Age
15:54 Loom
15:55 Horse Collar
18:43 Heavy Plow
20:56 Masonry
21:11 Ballistics
24:08 Fletching
27:33 Gold Mining
31:09 Bodkin Arrow
Connection lost

Rejoining the realm…

Still unreachable

The connection could not be restored.

Session expired

The server has moved on; the page needs a fresh start.